 Dungeon Crawl Stone Soup version 0.17-a0-1632-g0af21bd (webtiles) character file.

37 MackTheKnife the Slasher (level 3, 0/24 HPs)
             Began as a High Elf Gladiator on Aug 3, 2015.
             Slain by an adder (1 damage)
             ... on level 1 of the Dungeon.
             The game lasted 00:01:24 (1355 turns).

MackTheKnife the Slasher (High Elf Gladiator)       Turns: 1355, Time: 00:01:24

Health: 0/24       AC:  4    Str: 14    XL:     3   Next: 21%
Magic:  4/4        EV: 13    Int: 11    God:
Gold:   27         SH:  0    Dex: 17    Spells: 0 memorised, 2 levels left

rFire  . . .     SeeInvis .     a - +0 long sword
rCold  . . .     Clarity  .     b - +0 leather armour
rNeg   . . .     SustAt   .     (no shield)
rPois  .         Gourm    .     c - +0 helmet
rElec  .         Spirit   .     (no cloak)
rCorr  .         Warding  .     (no gloves)
rMut   .         Stasis   .     (no boots)
MR     .....                    (no amulet)
Stlth  +.........               (no ring)
                                (no ring)

@: lethally poisoned (0 -> -6), not resistant to hostile enchantments, very
unstealthy
A: no striking features
a: no special abilities


You were on level 1 of the Dungeon.
You were not hungry.

You visited 1 branch of the dungeon, and saw 2 of its levels.

You collected 27 gold pieces.

Inventory:

Hand weapons
 a - a +0 long sword (weapon)
Missiles
 d - 3 throwing nets {=f, !d}
Armour
 b - a +0 leather armour (worn)
 c - a +0 helmet (worn)
Scrolls
 f - 2 scrolls of identify {unknown}
Potions
 g - a potion of ambrosia {unknown}
Comestibles
 e - 2 bread rations {@e1}


   Skills:
 - Level 2.0 Fighting
 + Level 5.2 Long Blades
 - Level 2.1 Throwing
 - Level 3.2 Dodging


You had 2 spell levels left.
You didn't know any spells.

Dungeon Overview and Level Annotations

Branches:
Dungeon (2/15)

Altars:


Message History

You take 1 damage, and have 14/19 hp.
You barely miss the adder. The adder barely misses you.
You miss the adder. The adder barely misses you. The adder bites you.
You take 2 damage, and have 12/19 hp.
You miss the adder.
You feel sick. The adder closely misses you.
You take 1 damage, and have 11/19 hp.
You slash the adder!
You kill the adder!
Your Long Blades skill increases to level 5!
You have reached level 3!
Your experience leads to an increase in your attributes!
Increase (S)trength, (I)ntelligence, or (D)exterity?
You feel agile. x2
You regained 2 hp, and now have 13/24 hp.
MP restored: 4 You start resting.
You feel sick. x3
You are no longer poisoned.
You take 2 damage, and have 11/24 hp.
Unknown command.
You start resting.
You regained 3 hp, and now have 14/24 hp.
The hobgoblin shouts!
The hobgoblin hits you but does no damage.
You hit the hobgoblin. The hobgoblin closely misses you.
You closely miss the hobgoblin. The hobgoblin barely misses you.
You hit the hobgoblin.
You kill the hobgoblin!
You see here a hobgoblin corpse.
You butcher the hobgoblin corpse.
h - a chunk of flesh {@w0} You see here a hobgoblin skeleton.
Eating a chunk of flesh {@w0}.
You continue eating. x2
There is a stone staircase leading up here.
You start resting.
Health restored: 24 A giant newt comes into view.
A giant newt is nearby!
The giant newt closely misses you.
You hit the giant newt.
You kill the giant newt!
No target in view!
A giant newt comes into view.
A rat and a kobold come into view.
The kobold throws a stone.
The stone barely misses you.
You see here a stone.
No target in view!
You see here a stone.
A worm comes into view.
The giant newt bites you.
You take 3 damage, and have 21/24 hp.
You hit the kobold.
You kill the kobold!
The giant newt bites you.
You take 2 damage, and have 19/24 hp.
You completely miss the giant newt.
The giant newt bites you but does no damage.
The giant newt barely misses you.
You hit the giant newt.
You kill the giant newt!
You see here a flail.
A rat comes into view.
The helpless rat fails to defend itself.
You hit the rat but do no damage. The rat closely misses you.
The rat bites you.
You take 1 damage, and have 18/24 hp.
You see here a flail.
You see here 13 stones.
You see here 34 stones.
There is a stone staircase leading up here.
You climb upwards.
There is a stone staircase leading down here.
You start resting.
Health restored: 24 You climb downwards.
The adder bites you but does no damage. The adder completely misses you.
The rat barely misses you. The worm bites you!
There is a stone staircase leading up here.
You take 7 damage, and have 17/24 hp.
MASSIVE DAMAGE!!
The adder bites you. The rat bites you but does no damage.
You climb upwards.
There is a stone staircase leading down here.
You take 3 damage, and have 14/24 hp.
You barely miss the adder. The adder barely misses you. The rat bites you.
The adder closely misses you.
You take 1 damage, and have 13/24 hp.
You barely miss the adder. The adder misses you. The rat barely misses you.
You closely miss the adder. The adder closely misses you. The rat misses you.
The adder bites you.
You take 3 damage, and have 10/24 hp.
You closely miss the adder. The rat bites you. The adder bites you.
* * * LOW HITPOINT WARNING * * *
The rat barely misses you.
You take 4 damage, and have 6/24 hp.
You slash the adder! The adder bites you.
* * * LOW HITPOINT WARNING * * *
You are lethally poisoned!
The adder poisons you! The adder bites you.
You die...

..........#.........#........#
#########.#.#.#.#.#.#..#######
....#####.......#.#.#..#
..........#.#####.#.#..#
###.#####.#.......#.#..#
###.#...#.#########.####
........#...........#
###.#.###############
#...........wr@S..# #
###.#############.# #####.#
#.# #.....# #.# #.....# #.#
#.....# ##### #.# ......#
##...####.# ......##
##.....>...###### .##....#
#...............#


You could see a worm, an adder and a rat.

Vanquished Creatures
  An adder (D:2)
  A giant gecko (D:1)
  5 bats (D:1)
  A goblin (D:1)
  6 hobgoblins
  4 kobolds
  2 giant newts (D:2)
  4 rats (D:1)
24 creatures vanquished.

Notes
Turn   | Place    | Note
--------------------------------------------------------------
     0 | D:1      | MackTheKnife the High Elf Gladiator began the quest for the Orb.
     0 | D:1      | Reached XP level 1. HP: 14/14 MP: 2/2
   303 | D:1      | Reached skill level 4 in Long Blades
   347 | D:1      | Reached XP level 2. HP: 17/19 MP: 3/3
  1076 | D:2      | Reached skill level 5 in Long Blades
  1076 | D:2      | Reached XP level 3. HP: 13/24 MP: 4/4
  1354 | D:1      | HP: 6/24 [adder (3)]
  1355 | D:1      | HP: 1/24 [adder (5)]
  1355 | D:1      | Slain by an adder

Vault maps used:
D:1:      dpeg_arrival_three_bigger_balls

Action                   || total
-------------------------++-------
Melee: Long sword        ||    80
 Stab: Sleeping          ||     1
  Eat: Chunk             ||     1

Vault maps used:
D:1:      dpeg_arrival_three_bigger_balls

Table legend:
 A = Turns spent in this place as a percentage of turns spent in the entire game.
 B = Non-inter-level travel turns spent in this place as a percentage of non-inter-level travel turns spent in the entire game.
 C = Inter-level travel turns spent in this place as a percentage of turns spent in this place.
 D = Turns resting spent in this place as a percentage of non-inter-level travel turns spent in this place.
 E = Turns spent auto-exploring this place as a percentage of non-inter-level travel turns spent in this place.
 F = Non-inter-level travel turns spent in this place divided by the number of levels of this place that you've seen.
                   A       B       C       D       E      F
               +-------+-------+-------+-------+-------+----------------------
         Total | 100.0 | 100.0 |   0.7 |   4.8 |   9.9 | 147.0
       Dungeon | 100.0 | 100.0 |   0.7 |   4.8 |   9.9 | 147.0
               +-------+-------+-------+-------+-------+----------------------

Table legend:
 A = Kills in this place as a percentage of kills in entire the game.
 B = Kills by you in this place as a percentage of kills by you in the entire game.
 C = Kills by friends in this place as a percentage of kills by friends in the entire game.
 D = Other kills in this place as a percentage of other kills in the entire game.
 E = Experience gained in this place as a percentage of experience gained in the entire game.
 F = Experience gained in this place divided by the number of levels of this place that you have seen.
                   A       B       C       D       E      F
               +-------+-------+-------+-------+-------+----------------------
         Total | 100.0 | 100.0 |  -nan |  -nan | 100.0 |  26.5
       Dungeon | 100.0 | 100.0 |  -nan |  -nan | 100.0 |  26.5
               +-------+-------+-------+-------+-------+----------------------
